 Dungeon Crawl Stone Soup version 0.24-a0-578-gf1077d3 (webtiles) character file.

Game seed: 16549185992736044016

14740 pichaelthompson the Thaumaturge (level 12, -4/94 HPs)
             Began as a Gnoll Skald on Aug 20, 2019.
             Was a High Priest of Ashenzari.
             Killed by nerve-wracking pain
             ... invoked by an orc priest
              (10 damage)
             ... on level 2 of the Orcish Mines.
             The game lasted 00:52:31 (19025 turns).

pichaelthompson the Thaumaturge (Gnoll Skald)      Turns: 19025, Time: 00:52:34

Health: -4/94      AC: 10    Str: 16    XL:     12   Next: 19%
Magic:  24/24      EV: 25    Int: 17    God:    Ashenzari [*****.]
Gold:   885        SH: 13    Dex: 30    Spells: 19/28 levels left

rFire    + . .     SeeInvis +   I - +6 mace of Extremism {freeze, rPois Str+3 Dex+3} (curse)
rCold    + . .     Gourm    .   H - +0 shield (curse)
rNeg     . . .     Faith    .   A - +0 steam dragon scales
rPois    +         Spirit   .   (no helmet)
rElec    +         Reflect  .   (no cloak)
rCorr    +         Harm     .   s - +2 pair of gloves {Dex+3}
MR       .....     Clarity  +   (no boots)
Stlth    +++++.....             (no amulet)
HPRegen  1.25/turn              (no ring)
MPRegen  0.19/turn              (no ring)

@: agile, resistant, marked, regenerating, hasted, very quick
A: distributed training, fangs 1, strong nose
a: Curse Item, Scrying, Renounce Religion


You were on level 2 of the Orcish Mines.
You worshipped Ashenzari.
Ashenzari was extremely pleased with you.
You were not hungry.

You visited 3 branches of the dungeon, and saw 15 of its levels.

You collected 885 gold pieces.

Inventory:

Hand Weapons
 a - a +0 spear
 I - the cursed +6 mace of Extremism (weapon) {freeze, rPois Str+3 Dex+3}
   (You found it on level 11 of the Dungeon)

   It has been specially enchanted to freeze those struck by it, causing extra
   injury to most foes and up to half again as much damage against particularly
   susceptible opponents.
   It can also slow down cold-blooded creatures.
   It affects your strength (+3).
   It affects your dexterity (+3).
   It protects you from poison.
   It has a curse placed upon it.
Missiles
 x - 2 boomerangs (quivered)
 E - 8 curare-tipped darts
Armour
 s - a +2 pair of gloves of dexterity (worn)
 A - +0 steam dragon scales (worn)
 H - a cursed +0 shield (worn)
Jewellery
 z - an uncursed ring of ice
Wands
 B - a wand of scattershot (4)
 F - a wand of random effects (12)
 G - a wand of paralysis (5)
Scrolls
 c - 2 scrolls of amnesia {unknown}
 e - a scroll of vulnerability {unknown}
 f - 12 scrolls of teleportation {unknown}
 i - a scroll of blinking {unknown}
 j - 2 scrolls of remove curse
 k - 2 scrolls of enchant armour {unknown}
 n - 5 scrolls of enchant weapon {unknown}
 o - 10 scrolls of identify {unknown}
 p - 4 scrolls of magic mapping {unknown}
 y - 2 scrolls of fear {unknown}
 C - a scroll of holy word {unknown}
 D - a scroll of acquirement {unknown}
 J - a scroll of silence {unknown}
Potions
 b - a potion of lignification
 g - a potion of flight
 h - a potion of berserk rage
 l - 3 potions of might
 u - a potion of heal wounds {unknown}
 v - a potion of haste
 w - 3 potions of curing
Comestibles
 d - 22 rations
 q - 14 chunks of flesh


   Skills:
 + Level 8.4 Fighting
 + Level 6.9 Short Blades
 + Level 6.9 Long Blades
 + Level 6.9 Axes
 + Level 6.9(11.0) Maces & Flails
 + Level 8.4 Polearms
 + Level 6.9 Staves
 + Level 6.9 Slings
 + Level 6.9 Bows
 + Level 6.9 Crossbows
 + Level 6.9 Throwing
 + Level 7.4 Armour
 + Level 8.4 Dodging
 + Level 6.9 Stealth
 + Level 6.9(9.6) Shields
 + Level 6.9 Unarmed Combat
 + Level 8.6 Spellcasting
 + Level 5.7 Conjurations
 + Level 5.7 Hexes
 + Level 8.0 Charms
 + Level 5.7 Summonings
 + Level 5.7 Necromancy
 + Level 5.7 Translocations
 + Level 5.7 Transmutations
 + Level 5.7 Fire Magic
 + Level 5.7 Ice Magic
 + Level 5.7 Air Magic
 + Level 5.7 Earth Magic
 + Level 5.7 Poison Magic
 + Level 7.6 Invocations
 + Level 6.9 Evocations


You had 19 spell levels left.
You knew the following spells:

 Your Spells              Type           Power        Failure   Level  Hunger
a - Infusion              Chrm           ####         1%          1    None
b - Spectral Weapon       Hex/Chrm       ####....     3%          3    #......
c - Regeneration          Chrm/Necr      ####......   3%          3    #......
d - Slow                  Hex            ####....     2%          2    None

Your spell library contained the following spells:

 Spells                   Type           Power        Failure   Level  Hunger
 Corona                   Hex            ####...      1%          1    None
 Shroud of Golubria       Chrm/Tloc      ####..       1%          2    None
 Song of Slaying          Chrm           ####....     1%          2    None
 Dazzling Spray           Conj/Hex       ####..       5%          3    #......
 Portal Projectile        Hex/Tloc       ####..       5%          3    #......
 Discord                  Hex            ####......   100%        8    #######


Dungeon Overview and Level Annotations

Branches:
Dungeon (12/15)            Temple (1/1) D:4            Lair (0/6) D:9
    Orc (2/2) D:11            Elf (0/3) Orc:2

Altars:
Ashenzari
Cheibriados
Dithmenos
Elyvilon
Fedhas
Gozag
Hepliaklqana
Kikubaaqudgha
Makhleb
Nemelex Xobeh
Okawaru
Qazlal
Ru
Sif Muna
Trog
Uskayaw
Vehumet
Wu Jian
Xom
Yredelemnul
Zin
The Shining One
Beogh

Shops:
D:9 *   D:10 (   Orc:2 [


Innate Abilities, Weirdness & Mutations

Your experience applies equally to all skills.
You have very sharp teeth.
Your uncanny sense of smell can sniff out nearby items.


Message History

The orc warrior hits you with a +0 hand axe.
* * * LOW HITPOINT WARNING * * *
You block the orc priest's attack. x2
It was a potion of agility.
You feel agile all of a sudden.
The orc wizard gestures wildly while chanting.
The orc wizard flickers and vanishes for a moment.
You block the orc warrior's attack. You block the orc's attack.
It was a potion of resistance.
You feel protected. You block the orc warrior's attack.
The orc priest completely misses you. The orc priest closely misses you.
You block the orc priest's attack.
It was a potion of magic.
Magic courses through your body. You block the orc warrior's attack.
You block the orc's attack. The orc priest hits you.
* * * LOW HITPOINT WARNING * * *
You block the orc warrior's attack.
The orc priest calls down the wrath of Beogh upon you.
Pain shoots through your body!
You die...

,*, *, ,, , , , ,
,'.........,,,,, , ,**
#........., , , , , *
,............, ,,, *
*##....#...... , ,
##............ ,, ,
#...##o.o..... , ,,
****####....oo......,,
, ,, ,.......o@o......
,,,, *,*
###...o.†......,, , ,
* *_{, #............,
,* , ,*
..'..#........., , , ,
,***###.#..........,,,
* ** * ,,,
...#...#...... * ,_ *
*###.##.###....#,* ∩ ,
, ###...#,..... * * ,,
8 ##..##.#.#.** *


You could see 2 orc warriors, 3 orc priests, an orc wizard (invisible) and an
orc.

Vanquished Creatures
  Erolcha (Orc:1)
  A hydra (D:11)
  A two-headed ogre (D:9)
  Nergalle (D:11)
  A wolf spider zombie (D:10)
  Psyche (D:10)
  2 hellwings (D:10)
  A troll (D:12)
  A harpy skeleton (D:10)
  A hornet (D:8)
  A hippogriff (D:10)
  2 wyverns
  A steam dragon (D:7)
  8 yaks
  Grum (D:11)
  3 hungry ghosts
  2 soldier ants (D:9)
  An ice beast (D:7)
  A hornet zombie (D:8)
  5 sky beasts
  A swamp drake (D:11)
  3 phantoms
  6 orc warriors
  A black bear (D:10)
  2 ogres
  3 wolves (D:11)
  4 centaurs
  A big kobold (D:10)
  5 bullfrogs
  A gnoll sergeant (D:10)
  2 wyvern zombies
  5 scorpions
  12 killer bees
  4 wights
  3 howler monkeys (D:7)
  5 crimson imps
  3 centaur zombies
  2 bullfrog zombies
  4 jellies
  2 bullfrog skeletons
  A gnoll shaman (D:9)
  10 orc priests
  5 hounds
  14 orc wizards
  5 centaur skeletons
  2 iguanas
  9 worker ants
  A hound skeleton (D:6)
  2 howler monkey zombies (D:5)
  2 howler monkey skeletons (D:7)
  13 adders
  8 gnolls
  5 shadow imps
  2 oozes
  An adder skeleton (D:4)
  7 worms
  2 dart slugs (D:1)
  6 leopard geckos
  63 orcs
  9 giant cockroaches
  3 goblins
  6 hobgoblins
  5 jackals
  9 quokkas
  3 bats
  A frilled lizard (D:2)
  A jackal skeleton (D:5)
  11 kobolds
  A leopard gecko skeleton (D:7)
  A quokka zombie (D:8)
  5 rats
  A bush (D:6)
319 creatures vanquished.

Vanquished Creatures (others)
  10 spectral weapons
  9 withered plants (D:10)
19 creatures vanquished.

Grand Total: 338 creatures vanquished

Notes
Turn   | Place    | Note
-------+----------+-------------------------------------------
     0 | D:1      | pichaelthompson the Gnoll Skald began the quest for the
                  | Orb.
     0 | D:1      | Reached XP level 1. HP: 20/20 MP: 6/6
     2 | D:1      | Noticed a demigod
     2 | D:1      | Noticed a draconian
     4 | D:1      | Noticed a centaur
     4 | D:1      | Noticed a halfling
     6 | D:1      | Noticed a vampire
     6 | D:1      | Noticed a gargoyle
     8 | D:1      | Noticed a dwarf
     8 | D:1      | Noticed a vine stalker
    10 | D:1      | Noticed a ghoul
    10 | D:1      | Noticed a human
    13 | D:1      | Noticed a troll
    13 | D:1      | Noticed a spriggan
    15 | D:1      | Noticed an ogre
    15 | D:1      | Noticed a minotaur
    17 | D:1      | Noticed a demonspawn
    19 | D:1      | Noticed a merfolk
    21 | D:1      | Noticed an elf
    21 | D:1      | Noticed a formicid
    23 | D:1      | Noticed a felid
    25 | D:1      | Noticed a tengu
    27 | D:1      | Noticed an octopode
    27 | D:1      | Noticed a naga
   195 | D:1      | Reached XP level 2. HP: 26/26 MP: 7/7
   558 | D:1      | Found a shattered altar of Ashenzari.
   564 | D:1      | Became a worshipper of Ashenzari the Shackled
   835 | D:2      | Reached XP level 3. HP: 31/31 MP: 9/9
   840 | D:2      | Learned a level 3 spell: Spectral Weapon
   844 | D:2      | Learned a level 3 spell: Regeneration
   879 | D:2      | Reached skill level 5 in Spellcasting
   925 | D:2      | Reached skill level 1 in Invocations
  1023 | D:2      | Reached skill level 1 in Short Blades
  1023 | D:2      | Reached skill level 1 in Long Blades
  1023 | D:2      | Reached skill level 1 in Axes
  1023 | D:2      | Reached skill level 1 in Maces & Flails
  1023 | D:2      | Reached skill level 1 in Staves
  1023 | D:2      | Reached skill level 1 in Slings
  1023 | D:2      | Reached skill level 1 in Bows
  1023 | D:2      | Reached skill level 1 in Crossbows
  1023 | D:2      | Reached skill level 1 in Throwing
  1023 | D:2      | Reached skill level 1 in Stealth
  1023 | D:2      | Reached skill level 1 in Shields
  1023 | D:2      | Reached skill level 1 in Unarmed Combat
  1023 | D:2      | Reached skill level 1 in Evocations
  1090 | D:2      | Reached XP level 4. HP: 10/38 MP: 7/11
  1695 | D:3      | Reached skill level 1 in Conjurations
  1695 | D:3      | Reached skill level 1 in Hexes
  1695 | D:3      | Reached skill level 1 in Summonings
  1695 | D:3      | Reached skill level 1 in Necromancy
  1695 | D:3      | Reached skill level 1 in Translocations
  1695 | D:3      | Reached skill level 1 in Transmutations
  1695 | D:3      | Reached skill level 1 in Fire Magic
  1695 | D:3      | Reached skill level 1 in Ice Magic
  1695 | D:3      | Reached skill level 1 in Air Magic
  1695 | D:3      | Reached skill level 1 in Earth Magic
  1695 | D:3      | Reached skill level 1 in Poison Magic
  1859 | D:3      | Reached XP level 5. HP: 43/43 MP: 12/12
  2043 | D:3      | Reached * piety under Ashenzari
  2811 | D:4      | Noticed a phantom
  2925 | D:4      | Killed a phantom
  2925 | D:4      | Reached XP level 6. HP: 46/50 MP: 7/13
  2981 | D:4      | Noticed a phantom
  2998 | D:4      | Killed a phantom
  2998 | D:4      | Reached skill level 5 in Fighting
  2998 | D:4      | Reached skill level 5 in Polearms
  2998 | D:4      | Reached skill level 5 in Dodging
  3288 | D:4      | Found an ancient bone altar of Kikubaaqudgha.
  3636 | D:4      | Reached ** piety under Ashenzari
  3837 | D:4      | Found a staircase to the Ecumenical Temple.
  3856 | Temple   | Entered the Ecumenical Temple
  3962 | D:5      | Entered Level 5 of the Dungeon
  4089 | D:5      | Reached XP level 7. HP: 37/56 MP: 15/15
  4411 | D:5      | Found an opulent altar of Gozag.
  4425 | D:5      | Found a radiant altar of Vehumet.
  4430 | D:5      | Found a bloodstained altar of Trog.
  4433 | D:5      | Found a hazy altar of Hepliaklqana.
  4958 | D:5      | Reached XP level 8. HP: 52/63 MP: 14/16
  7350 | D:7      | Upgraded the game from 0.24-a0-574-g7d3d5a4 to
                  | 0.24-a0-578-gf1077d3
  7611 | D:7      | Reached XP level 9. HP: 11/69 MP: 7/18
  8263 | D:7      | Found a glowing silver altar of Zin.
  8263 | D:7      | Found an ornate altar of the Wu Jian Council.
  8268 | D:7      | Found a sacrificial altar of Ru.
  8270 | D:7      | Found a glowing golden altar of the Shining One.
  8272 | D:7      | Found a faded altar of an unknown god.
  8272 | D:7      | Reached *** piety under Ashenzari
  8771 | D:7      | Found a snail-covered altar of Cheibriados.
  9107 | D:7      | Found a glowing golden altar of the Shining One.
  9662 | D:7      | Reached skill level 5 in Armour
  9981 | D:8      | Noticed a hornet
 10005 | D:8      | Killed a hornet
 10005 | D:8      | Reached skill level 5 in Invocations
 10512 | D:8      | Reached XP level 10. HP: 58/77 MP: 16/20
 10781 | D:8      | Reached **** piety under Ashenzari
 10929 | D:8      | Found a hide-covered altar of Uskayaw.
 11394 | D:9      | Found Ziwiek's General Store.
 11406 | D:9      | Found a staircase to the Lair.
 11508 | D:9      | Noticed a two-headed ogre
 11523 | D:9      | Killed a two-headed ogre
 11523 | D:9      | Reached skill level 5 in Short Blades
 11523 | D:9      | Reached skill level 5 in Long Blades
 11523 | D:9      | Reached skill level 5 in Axes
 11523 | D:9      | Reached skill level 5 in Maces & Flails
 11523 | D:9      | Reached skill level 5 in Staves
 11523 | D:9      | Reached skill level 5 in Slings
 11523 | D:9      | Reached skill level 5 in Bows
 11523 | D:9      | Reached skill level 5 in Crossbows
 11523 | D:9      | Reached skill level 5 in Throwing
 11523 | D:9      | Reached skill level 5 in Stealth
 11523 | D:9      | Reached skill level 5 in Shields
 11523 | D:9      | Reached skill level 5 in Unarmed Combat
 11523 | D:9      | Reached skill level 5 in Evocations
 11793 | D:9      | Found a stormy altar of Qazlal.
 12624 | D:10     | Entered Level 10 of the Dungeon
 13357 | D:10     | Noticed Psyche
 13375 | D:10     | Killed Psyche
 13375 | D:10     | Reached XP level 11. HP: 57/84 MP: 22/22
 13586 | D:10     | Identified the cursed +0 scale mail "Xooded" {rC+ MR- Str-3
                  | Dex+9}
 14502 | D:10     | Reached skill level 5 in Conjurations
 14502 | D:10     | Reached skill level 5 in Hexes
 14502 | D:10     | Reached skill level 5 in Summonings
 14502 | D:10     | Reached skill level 5 in Necromancy
 14502 | D:10     | Reached skill level 5 in Translocations
 14502 | D:10     | Reached skill level 5 in Transmutations
 14502 | D:10     | Reached skill level 5 in Fire Magic
 14502 | D:10     | Reached skill level 5 in Ice Magic
 14502 | D:10     | Reached skill level 5 in Air Magic
 14502 | D:10     | Reached skill level 5 in Earth Magic
 14502 | D:10     | Reached skill level 5 in Poison Magic
 14601 | D:10     | Found Zorphuh's Weapon Boutique.
 16020 | D:11     | Identified Liaziuh's Volume of Malediction
 16027 | D:11     | Learned a level 2 spell: Slow
 16058 | D:11     | Noticed an eight-headed hydra
 16195 | D:11     | Found a staircase to the Orcish Mines.
 16530 | D:11     | Noticed Nergalle
 16580 | D:11     | Killed Nergalle
 17071 | D:11     | Found a sparkling altar of Nemelex Xobeh.
 17185 | D:11     | Identified the +6 mace of Extremism {freeze, rPois Str+3
                  | Dex+3}
 17471 | D:11     | Killed an eight-headed hydra
 17561 | D:11     | Reached ***** piety under Ashenzari
 17600 | D:11     | Noticed Grum
 17611 | D:11     | Killed Grum
 17789 | D:11     | Reached XP level 12. HP: 82/93 MP: 21/24
 18152 | D:12     | Noticed a two-headed ogre
 18158 | D:12     | Noticed a five-headed hydra
 18522 | Orc:1    | Entered Level 1 of the Orcish Mines
 18538 | Orc:1    | Noticed Erolcha
 18552 | Orc:1    | Killed Erolcha
 18665 | Orc:1    | Found a roughly hewn altar of Beogh.
 18743 | Orc:2    | Entered Level 2 of the Orcish Mines
 18793 | Orc:2    | Found a roughly hewn altar of Beogh.
 18823 | Orc:2    | Found a staircase to the Elven Halls.
 18896 | Orc:2    | Found a roughly hewn altar of Beogh.
 18912 | Orc:2    | Found Icinlof's Armour Emporium.
 19025 | Orc:2    | Killed from afar by an orc priest

Levels and vault maps discovered:
D:1:      kb_arrival_jail, layout_loops_ring, evilmike_ruin_ashenzari
D:2:      layout_basic, serial_forest, infiniplex_forest_3_way,
          infiniplex_forest_clump_double, infiniplex_forest_end_double,
          infiniplex_forest_straight_2
D:3:      layout_loops_corners
D:4:      layout_cave_pools, lemuel_crystal_altar, temple_green, first_ration,
          minmay_checkerbox
D:5:      layout_loops_cross, grunt_temple_overflow_cloverleaf
D:6:      layout_cave_pods, kb_lookout_dungeons_type
D:7:      layout_layer_cave, chequers_temple_overflow_minitemple,
          lemuel_doored_altar, st_stairs_3, tso_metal_star
D:8:      layout_gridville, eat_drink_and_be_merry_uskayaw
D:9:      layout_stronghold, nicolae_qazlal_style_of_elements, lair_entry_dummy,
          serial_shops, shop, hangedman_pestilent_swarm
D:10:     cheibrodos_grave_circle, layout_loops_ring, serial_shops,
          nicolae_shop_temple_entry_statues_fountains, uniq_psyche
D:11:     kennysheep_blocky_hall, layout_basic, erik_orc_1,
          nemelex_diamond_rough_becter, uniq_grum, uniq_nergalle
D:12:     layout_loops_ring, okawaru_humans
Temple:   eino_wide_crystal_templ
Orc:1:    layout_diamond_mine, david_defended_altar_orc, uniq_erolcha
Orc:2:    grunt_orc_community_town_hall, layout_diamond_mine,
          grunt_orc_community_big_house_1, grunt_orc_community_big_house_2,
          grunt_orc_community_house_2, grunt_orc_community_house_2,
          grunt_orc_community_house_1, grunt_orc_community_house_1,
          grunt_orc_community_house_2, uniq_jorgrun

Skill      XL: |  1  2  3  4  5  6  7  8  9 10 11 12 |
---------------+-------------------------------------+-----
Spellcasting   | 5 6 7 8 |  8.6
Invocations    | 1 2 3 4 5 6 7 |  7.6
Short Blades   | 1 2 3 4 5 6 |  6.9
Long Blades    | 1 2 3 4 5 6 |  6.9
Axes           | 1 2 3 4 5 6 |  6.9
Maces & Flails | 1 2 3 4 5 6 |  6.9
Staves         | 1 2 3 4 5 6 |  6.9
Slings         | 1 2 3 4 5 6 |  6.9
Bows           | 1 2 3 4 5 6 |  6.9
Crossbows      | 1 2 3 4 5 6 |  6.9
Throwing       | 1 2 3 4 5 6 |  6.9
Stealth        | 1 2 3 4 5 6 |  6.9
Shields        | 1 2 3 4 5 6 |  6.9
Unarmed Combat | 1 2 3 4 5 6 |  6.9
Evocations     | 1 2 3 4 5 6 |  6.9
Conjurations   | 1 2 3 4 5 |  5.7
Hexes          | 1 2 3 4 5 |  5.7
Summonings     | 1 2 3 4 5 |  5.7
Necromancy     | 1 2 3 4 5 |  5.7
Translocations | 1 2 3 4 5 |  5.7
Transmutations | 1 2 3 4 5 |  5.7
Fire Magic     | 1 2 3 4 5 |  5.7
Ice Magic      | 1 2 3 4 5 |  5.7
Air Magic      | 1 2 3 4 5 |  5.7
Earth Magic    | 1 2 3 4 5 |  5.7
Poison Magic   | 1 2 3 4 5 |  5.7
Armour         | 3 4 5 6 7 |  7.4
Fighting       | 5 6 7 8 |  8.4
Polearms       | 5 6 7 8 |  8.4
Dodging        | 5 6 7 8 |  8.4
Charms         | 6 7 8 |  8.0

Action                   |  1- 3 |  4- 6 |  7- 9 | 10-12 || total
-------------------------+-------+-------+-------+-------++-------
Melee: Spear             |   119 |   246 |   827 |   966 ||  2158
       Bite              |    13 |    22 |   148 |   179 ||   362
       Mace              |       |       |       |   142 ||   142
Throw: Boomerang         |       |       |    52 |    39 ||    91
 Cast: Regeneration      |     1 |     1 |     8 |    11 ||    21
       Spectral Weapon   |       |     5 |    28 |    56 ||    89
Invok: Curse Item        |     1 |     1 |       |     2 ||     4
  Use: Potion            |       |       |     1 |     6 ||     7
       Scroll            |       |       |       |     1 ||     1
 Stab: Sleeping          |     1 |       |     5 |    11 ||    17
       Distracted        |       |     1 |     7 |    25 ||    33
       Confused          |       |       |       |     4 ||     4
  Eat: Chunk             |     1 |     8 |    10 |    25 ||    44
       Ration            |       |       |     5 |     2 ||     7
Armor: Leather armour    |     3 |       |       |       ||     3
       Ring mail         |    25 |    51 |    40 |       ||   116
       Scale mail        |       |       |    49 |       ||    49
       Steam dragon scal |       |       |    21 |   116 ||   137
       Skin              |       |       |    21 |       ||    21
Dodge: Dodged            |    54 |   119 |   193 |   455 ||   821
Block: Buckler           |       |    23 |   117 |   187 ||   327
       Shield            |       |       |       |    98 ||    98

Table legend:
 A = Non-vault XP
 B = Vault XP
 C = Vault XP percentage of total XP
 D = Non-vault monster count
 E = Vault monster count
 F = Vault count percentage of total count
                 A         B        C        D         E       F
            +---------+---------+-------+---------+---------+-------
      Total |   13163 |    7895 |  37.5 |     250 |      68 |  21.4
            +---------+---------+-------+---------+---------+-------
        D:1 |      33 |       0 |   0.0 |      15 |       0 |   0.0
        D:2 |      80 |       0 |   0.0 |      22 |       0 |   0.0
        D:3 |     145 |       0 |   0.0 |      20 |       0 |   0.0
        D:4 |     315 |      37 |  10.5 |       7 |       2 |  22.2
        D:5 |     800 |       0 |   0.0 |      22 |       0 |   0.0
        D:6 |     276 |     115 |  29.4 |       8 |       1 |  11.1
        D:7 |    1557 |      80 |   4.9 |      32 |       3 |   8.6
        D:8 |    1990 |       0 |   0.0 |      34 |       0 |   0.0
        D:9 |    1916 |     324 |  14.5 |      15 |       4 |  21.1
       D:10 |    2587 |    3744 |  59.1 |      44 |      12 |  21.4
       D:11 |    2583 |    2164 |  45.6 |      17 |      26 |  60.5
       D:12 |     485 |       0 |   0.0 |       6 |       0 |   0.0
      Orc:1 |       0 |    1200 | 100.0 |       0 |       4 | 100.0
      Orc:2 |     396 |     231 |  36.8 |       8 |      16 |  66.7
            +---------+---------+-------+---------+---------+-------
